 Dungeon Crawl Stone Soup version 0.26-a0-8-gc4d20be (webtiles) character file.

Game seed: 52146993467439857, levelgen mode: deterministic

3688 smeego the Slasher (level 10, -4/68 HPs)
             Began as an Octopode Fighter on May 24, 2020.
             Was a Believer of Dithmenos.
             Slain by a hog (12 damage)
             ... on level 8 of the Dungeon.
             The game lasted 00:09:42 (7545 turns).

smeego the Slasher (Octopode Fighter)               Turns: 7545, Time: 00:09:43

Health: -4/68      AC:  1    Str: 16    XL:     10   Next: 13%
Magic:  13/13      EV: 15    Int: 10    God:    Dithmenos [**....]
Gold:   409        SH: 11    Dex: 15    Spells: 9/9 levels left

rFire    . . .     SeeInvis .   a - +1 long sword
rCold    . . .     Gourm    .   b - +1 kite shield
rNeg     . . .     Faith    .   (helmet restricted)
rPois    .         Spirit   .   (no amulet)
rElec    .         Reflect  .   x - ring of wizardry
rCorr    .         Harm     .   (no ring)
MR       .....                  (no ring)
Stlth    +++++.....             (no ring)
HPRegen  0.21/turn              (no ring)
MPRegen  0.13/turn              (no ring)
                                (no ring)
                                (no ring)

@: flying, wreathed by umbra
A: almost no armour, stealthy swim, amphibious, 8 rings, constrict 8, camouflage
1, gelatinous body 1
a: Shadow Step, Renounce Religion


You were on level 8 of the Dungeon.
You worshipped Dithmenos.
Dithmenos was pleased with you.
You were not hungry.

You visited 1 branch of the dungeon, and saw 8 of its levels.

You collected 409 gold pieces.

Inventory:

Hand Weapons
 a - a +1 long sword (weapon)
 f - a +2 dagger of flaming
 t - a +1 dagger of venom
Missiles
 u - 45 poisoned darts (quivered)
Armour
 b - a +1 kite shield (worn)
Jewellery
 x - a ring of wizardry (left tentacle)
Wands
 y - a wand of clouds (1)
Scrolls
 e - 2 scrolls of blinking
 g - 3 scrolls of amnesia
 h - a scroll of enchant weapon
 i - a scroll of immolation
 j - a scroll of remove curse
 n - 4 scrolls of teleportation
 p - a scroll of fog
 v - a scroll of noise
Potions
 c - a potion of might
 k - a potion of brilliance {unknown}
 m - a potion of invisibility {unknown}
 o - a potion of lignification
 r - 2 potions of stabbing
 w - 4 potions of curing
Comestibles
 d - 12 rations


   Skills:
 + Level 5.8 Fighting
 * Level 7.6 Long Blades
 + Level 5.8 Dodging
 + Level 6.7 Stealth
 + Level 5.8 Shields
 + Level 4.7 Unarmed Combat
 + Level 4.2 Invocations
 + Level 2.6 Evocations


You had 9 spell levels left.
You didn't know any spells.
Your spell library was empty.

Dungeon Overview and Level Annotations

Branches:
Dungeon (8/15)             Temple (0/1) D:4            Lair (0/6) D:8

Altars:
Dithmenos
Fedhas
Gozag
Kikubaaqudgha
Nemelex Xobeh
Qazlal
Ru
Trog
Wu Jian
Xom
Zin

Shops:
D:3 *

Annotations:
D:7 2 runed translucent doors, exclusion: orange crystal statue
D:8 Prince Ribbit


Innate Abilities, Weirdness & Mutations

You cannot wear most types of armour.
You are very stealthy in the water. (Stealth+)
You are amphibious.
You can wear up to eight rings at the same time.
You can use your tentacles to constrict eight enemies at once.
Your skin changes colour to match your surroundings (Stealth+).
Your rubbery body absorbs attacks. (AC +1, EV +1)


Message History

The hog barely misses you.
The hog is engulfed in freezing vapours.
The hog completely misses you.
Unknown command.
Your +1 dagger of venom stops dripping with poison.
a - a +1 long sword (weapon)
The hog is engulfed in freezing vapours.
You block the hog's attack.
The big kobold is engulfed in poison gas.
The big kobold looks even sicker.
The big kobold closely misses you.
Unknown command.
You hit the hog. You grab the hog.
The hog is severely wounded.
You constrict the hog.
The hog is engulfed in freezing vapours.
The hog bites you!
* * * LOW HITPOINT WARNING * * *
The hog is engulfed in freezing vapours.
The hog bites you!
You die...

#........÷.#.....##
#................######
......[.........#...#
....................###
..........§...........#
.........§§.........##
.#######○§§...##....#
#%§§hhK§°§...# .......
#%.hh@#((....##.#.#...
###'###.K<..<....$....
#.....#r..c.......#...
#.....##..K......P.P..
########..K....P......
............P†PP.PPP.
.....#...P.......P.P.
... ##.P..P..PPP.PPP .
...PPP....PPPP.P.


You could see 4 hogs and a big kobold (very poisoned).

Vanquished Creatures
  A hippogriff (D:8)
  A human (D:8)
  A yak (D:8)
  3 porcupines (D:8)
  2 ice beasts (D:7)
  A black bear (D:8)
  2 phantoms
  A sky beast (D:8)
  4 centaurs
  2 ogres
  Blork the orc (D:5)
  2 crocodiles (D:8)
  5 bullfrogs
  A gnoll sergeant (D:6)
  2 scorpions
  4 killer bees (D:8)
  3 howler monkeys
  2 vampire bats (D:2)
  3 crimson imps
  3 jellies
  A centaur skeleton (D:4)
  An orc priest (D:4)
  4 orc wizards
  2 bullfrog skeletons
  Jessica (D:3)
  2 worker ants
  Natasha (twice) (D:3)
  2 hound zombies
  4 worker ant zombies
  4 gnolls
  6 adders
  A shadow imp (D:8)
  2 worms
  3 dart slugs
  7 leopard geckos
  7 orcs
  9 bats
  2 bat skeletons (D:2)
  3 bat zombies (D:2)
  3 giant cockroaches
  10 goblins
  4 hobgoblins
  6 jackals
  3 quokkas
  2 ball pythons
  2 frilled lizards
  9 kobolds
  2 rats
148 creatures vanquished.

Vanquished Creatures (others)
  22 fungi (D:8)
  11 plants (D:8)
33 creatures vanquished.

Grand Total: 181 creatures vanquished

Notes
Turn   | Place    | Note
-------+----------+-------------------------------------------
     0 | D:1      | smeego the Octopode Fighter began the quest for the Orb.
     0 | D:1      | Reached XP level 1. HP: 16/16 MP: 1/1
    51 | D:1      | Reached XP level 2. HP: 18/21 MP: 2/2
   672 | D:2      | Reached skill level 1 in Stealth
   672 | D:2      | Reached XP level 3. HP: 13/26 MP: 3/3
   975 | D:2      | Found an ancient bone altar of Kikubaaqudgha.
   978 | D:2      | Reached skill level 3 in Long Blades
   978 | D:2      | Reached skill level 1 in Unarmed Combat
   978 | D:2      | Reached XP level 4. HP: 28/31 MP: 4/4
  1230 | D:2      | Reached XP level 5. HP: 36/36 MP: 5/5
  1236 | D:2      | Found a sacrificial altar of Ru.
  1666 | D:2      | Found a stormy altar of Qazlal.
  1881 | D:3      | Found an opulent altar of Gozag.
  1882 | D:3      | Found Gozag's Platinum Reserve.
  1921 | D:3      | Noticed Natasha
  1929 | D:3      | Killed Natasha
  2081 | D:3      | Noticed Jessica
  2096 | D:3      | Killed Jessica
  2262 | D:3      | Reached XP level 6. HP: 42/42 MP: 6/6
  2498 | D:3      | Noticed Natasha
  2639 | D:3      | Killed Natasha
  2969 | D:4      | Reached skill level 4 in Long Blades
  3299 | D:4      | Reached XP level 7. HP: 48/48 MP: 7/7
  3312 | D:4      | Found a shadowy altar of Dithmenos.
  3316 | D:4      | Became a worshipper of Dithmenos the Shadowed
  3353 | D:4      | Found a staircase to the Ecumenical Temple.
  4148 | D:5      | Entered Level 5 of the Dungeon
  4181 | D:5      | Reached skill level 1 in Invocations
  4214 | D:5      | Noticed Blork the orc
  4222 | D:5      | Killed Blork the orc
  4335 | D:5      | Reached skill level 5 in Long Blades
  4368 | D:5      | Reached XP level 8. HP: 25/54 MP: 9/9
  4695 | D:5      | Found a blossoming altar of Fedhas.
  5076 | D:6      | Found a glowing silver altar of Zin.
  5077 | D:6      | Noticed an angel
  5135 | D:6      | Found a shimmering altar of Xom.
  5691 | D:6      | Reached skill level 6 in Long Blades
  5691 | D:6      | Reached skill level 5 in Stealth
  5825 | D:7      | Reached * piety under Dithmenos
  5889 | D:7      | Found a sparkling altar of Nemelex Xobeh.
  5919 | D:7      | Reached skill level 5 in Shields
  6085 | D:7      | Reached skill level 5 in Fighting
  6085 | D:7      | Reached skill level 5 in Dodging
  6085 | D:7      | Reached XP level 9. HP: 61/61 MP: 11/11
  6110 | D:7      | Found the +10 tower shield of Ignorance {rN+ Int-4}
  6120 | D:7      | Found a runed translucent door.
  6120 | D:7      | Noticed an orange crystal statue
  6151 | D:7      | Found a runed translucent door.
  6460 | D:7      | Found a bloodstained altar of Trog.
  6781 | D:7      | Found an ornate altar of the Wu Jian Council.
  6911 | D:8      | Reached skill level 1 in Evocations
  7081 | D:8      | Reached skill level 7 in Long Blades
  7489 | D:8      | Reached XP level 10. HP: 45/68 MP: 13/13
  7516 | D:8      | Found a staircase to the Lair.
  7519 | D:8      | Noticed Prince Ribbit
  7537 | D:8      | Reached ** piety under Dithmenos
  7545 | D:8      | Slain by a hog

Illustrated notes

Levels and vault maps discovered:
D:1:      grunt_arrival_lava_bath, layout_rooms, moated_statue, hex_medium
D:2:      layout_rooms, nicolae_overflow_crystal_walls, grunt_qazlal_clouds,
          kennysheep_vampire_church
D:3:      layout_loops_ring, nicolae_gozag_zags_fifth_avenue,
          serial_co_window_serial, co_window_of_opportunity_a,
          co_window_corner_a, co_window_corner_a, co_window_corner_a,
          co_window_paths_b, co_window_corner_b, co_window_unsneaky_path_a,
          co_window_broadway_a, co_window_of_opportunity_b, co_window_sun,
          glass_columns_a, glass_columns_b, glass_columns_a,
          kennysheep_generic_room_3, uniq_jessica, uniq_natasha
D:4:      layout_basic, marbit_many_paths, minmay_temple_entry_waves
D:5:      layout_rooms, first_ration, fedhas_altar_4, uniq_blork_the_orc
D:6:      layout_basic, grunt_temple_overflow_order_and_chaos_1, uniq_duvessa
D:7:      layout_loops_ring, lemuel_coloured_pillars_altar, lemuel_doored_altar,
          old_standard_altar, chequers_guarded_unrand_ignorance
D:8:      layout_cave_pools, kennysheep_okawaru_gauntlet,
          due_lair_maze_entry_diamond, serial_shops, nicolae_shop_stone,
          special_room [special_room_orc], grunt_livestock,
          kennysheep_generic_room_13, uniq_prince_ribbit1

Skill      XL: |  1  2  3  4  5  6  7  8  9 |
---------------+----------------------------+-----
Stealth        | 1 2 3 4 5 6 |  6.7
Long Blades    | 3 4 5 6 7 |  7.6
Unarmed Combat | 1 2 3 4 |  4.7
Fighting       | 4 5 |  5.8
Dodging        | 4 5 |  5.8
Shields        | 4 5 |  5.8
Invocations    | 1 2 4 |  4.2
Evocations     | 2 |  2.6

Action                   |  1- 3 |  4- 6 |  7- 9 | 10-12 || total
-------------------------+-------+-------+-------+-------++-------
Melee: Long sword        |    39 |    79 |   159 |     1 ||   278
       Constrict         |    14 |    30 |    34 |     3 ||    81
       Tentacles         |     5 |    21 |    66 |     3 ||    95
       Dagger            |       |    21 |    47 |     9 ||    77
       Punch             |       |     1 |     7 |       ||     8
Throw: Dart              |       |       |    14 |       ||    14
Evoke: Wand              |       |       |     2 |     2 ||     4
  Use: Scroll            |       |     5 |    10 |       ||    15
       Potion            |       |       |     4 |     2 ||     6
 Stab: Sleeping          |     2 |     5 |    15 |       ||    22
       Distracted        |       |     2 |       |     2 ||     4
  Eat: Chunk             |       |     8 |    13 |       ||    21
Armor: Skin              |     6 |    10 |    25 |       ||    41
Dodge: Dodged            |    22 |    51 |    81 |    25 ||   179
Block: Kite shield       |    23 |    42 |   111 |    10 ||   186
       Rpst.: Long sword |     8 |     4 |    24 |       ||    36

Table legend:
 A = Non-vault XP
 B = Vault XP
 C = Vault XP percentage of total XP
 D = Non-vault monster count
 E = Vault monster count
 F = Vault count percentage of total count
                 A         B        C        D         E       F
            +---------+---------+-------+---------+---------+-------
      Total |    3546 |    1723 |  32.7 |     126 |      22 |  14.9
            +---------+---------+-------+---------+---------+-------
        D:1 |      27 |       0 |   0.0 |      13 |       0 |   0.0
        D:2 |      87 |     119 |  57.8 |      22 |       7 |  24.1
        D:3 |      69 |      72 |  51.1 |      18 |       2 |  10.0
        D:4 |     465 |      58 |  11.1 |      17 |       1 |   5.6
        D:5 |     354 |     102 |  22.4 |      10 |       1 |   9.1
        D:6 |     883 |       0 |   0.0 |      17 |       0 |   0.0
        D:7 |     783 |       0 |   0.0 |      16 |       0 |   0.0
        D:8 |     878 |    1372 |  61.0 |      13 |      11 |  45.8
            +---------+---------+-------+---------+---------+-------
